Map: Dusty Gorge

Players

OpuS - Winner!

  • Race: Protoss Protoss
  • League: Platinum
  • Spawn Location: 9:00

Sketchaphone - Winner!

  • Race: Zerg Zerg
  • League: Platinum
  • Spawn Location: 11:00

MDCCLXXVI

  • Race: Terran Terran
  • Spawn Location: 5:00

Empathy

  • Race: Terran Terran
  • Spawn Location: 3:00

VOD

Have the link to the VOD?

Description

Time

  • Played on: Feb. 5, 2019, 9:39 p.m.
  • Length: 10:54
Show
View Real Time Build Order
Export as new Build Order

OpuS Protoss - Winner!

Build Orders:  

Get SALT Encoding   

  12  0:01  Probe  
  13  0:13  Probe  
  14  0:24  Pylon  
  14  0:26  Probe  
  16  0:42  Probe  
  16  0:45  Gateway  
  16  0:52  Probe  
  17  1:01  Probe  
  17  1:09  Probe  
  18  1:12  Assimilator  
  19  1:21  Probe  
  19  1:24  Gateway  
  20  1:33  Probe  
  20  1:35  Cybernetics Core  
  20  1:39  Pylon  
  21  1:45  Probe  
  22  1:57  Probe  
  23  2:04  Assimilator  
  23  2:09  Probe  
  23  2:11  Warp Gate  
  23  2:13  Adept  
  26  2:16  Adept  
  27  2:46  Nexus  
  27  2:47  Twilight Council  
  27  2:52  Zealot x2  
  31  2:59  Pylon  
  31  3:09  Pylon  
  31  3:16  Charge  
  35  3:28  Stalker x2  
  35  3:39  Gateway  
  35  3:55  Probe  
  36  3:58  Probe  
  37  4:13  Probe x2  
  37  4:15  Adept x2  
  43  4:25  Probe x2  
  43  4:29  Robotics Facility  
  45  4:37  Probe x2  
  47  4:46  Zealot x3  
  53  4:56  Probe  
  53  4:57  Probe  
  55  5:08  Probe  
  55  5:11  Observer  
  55  5:13  Probe  
  58  5:23  Nexus  
  58  5:29  Zealot x2  
  58  5:35  Pylon  
  62  5:37  Pylon  
  62  5:38  Pylon  
  62  5:51  Forge  
  62  5:53  Probe x2  
  62  5:55  Observer  
  62  5:56  Forge  
  65  6:02  Assimilator  
  65  6:04  Protoss Ground Weapons Level 1  
  65  6:05  Probe x2  
  66  6:17  Probe x2  
  68  6:18  Protoss Ground Armor Level 1  
  68  6:34  Gateway  
  68  6:38  Adept x3  
  74  6:43  Probe x2  
  74  6:45  Assimilator  
  76  6:49  Probe  
  77  6:55  Probe x2  
  77  6:58  Gateway  
  77  7:00  Gateway  
  78  7:05  Gateway  
  78  7:07  Gateway  
  78  7:13  Zealot  
  78  7:15  Zealot x2  
  84  7:22  Templar Archives  
  84  7:29  Probe x2  
  86  7:30  Probe  
  86  7:33  Pylon  
  87  7:37  Stalker x3, Pylon  
  87  7:39  Stalker  
  95  7:53  Protoss Ground Weapons Level 2  
  95  7:58  Probe x3  
  98  8:10  Probe  
  91  8:31  Probe x3  
  91  8:32  Zealot x3  
  91  8:33  Zealot x5  
  108  8:38  Gateway  
  108  8:41  Gateway  
  108  8:45  Gateway  
  108  8:47  Gateway  
  108  8:53  Pylon  
  108  8:55  Pylon  
  102  8:58  Nexus  
  102  9:00  Probe x2  
  102  9:01  Probe  
  97  9:10  Forge  
  97  9:28  Stalker x4  
  97  9:29  Stalker  
  107  9:31  Stalker  
  109  9:42  Stalker x3  
  113  9:48  Assimilator  
  113  9:51  Assimilator  
  113  9:57  Stalker x2  
  117  10:06  Stalker x3  
  121  10:16  Probe x2  
  111  10:23  Stalker x4  
  111  10:26  Stalker  
  119  10:31  Stalker  
  119  10:32  Stalker  
  119  10:33  Probe  
  119  10:34  Probe  
  125  10:38  Stalker  
  127  10:47  Stalker  
Show
View Real Time Build Order
Export as new Build Order

Sketchaphone Zerg - Winner!

Build Orders: Pool First, Swarm Host 

Get SALT Encoding   

  12  0:01  Drone  
  13  0:13  Overlord  
  13  0:22  Drone  
  13  0:24  Extractor  
  13  0:25  Drone  
  15  0:35  Drone  
  16  0:36  Drone  
  17  0:59  Spawning Pool  
  17  1:01  Drone  
  17  1:02  Drone  
  18  1:04  Extractor  
  18  1:09  Drone  
  18  1:30  Hatchery  
  17  1:40  Drone x2  
  17  1:41  Overlord  
  19  1:53  Drone  
  20  1:56  Queen  
  22  2:07  Overlord  
  22  2:14  Drone  
  22  2:15  Metabolic Boost  
  23  2:25  Drone  
  24  2:36  Hatchery  
  23  2:46  Drone x3  
  26  2:55  Drone  
  26  2:58  Drone  
  28  3:10  Lair  
  28  3:13  Overlord  
  28  3:14  Extractor  
  28  3:16  Drone  
  28  3:39  Drone  
  28  3:40  Drone x2  
  31  3:43  Drone  
  31  3:44  Zergling x2  
  31  3:47  Drone x2  
  31  3:48  Queen  
  37  3:50  Drone  
  38  4:02  Baneling Nest  
  38  4:06  Zergling x12  
  43  4:17  Spire  
  43  4:18  Drone  
  43  4:19  Drone x2  
  43  4:23  Overlord  
  45  4:30  Overlord  
  44  4:50  Drone  
  41  4:58  Drone x2  
  43  5:02  Extractor  
  43  5:03  Drone x9, Extractor  
  50  5:12  Infestation Pit  
  49  5:25  Spore Crawler  
  48  5:31  Drone x2  
  50  5:36  Mutalisk  
  50  5:37  Mutalisk x3  
  58  5:43  Zerg Flyer Weapons Level 1  
  58  5:54  Overlord x2  
  58  5:57  Zergling x14  
  58  6:00  Extractor  
  58  6:01  Extractor  
  58  6:02  Queen  
  65  6:05  Drone  
  65  6:08  Pneumatized Carapace  
  66  6:21  Swarm Host  
  66  6:22  Swarm Host  
  78  6:29  Drone x3  
  81  6:41  Overseer  
  81  6:52  Overlord x3  
  81  6:53  Drone  
  82  6:58  Evolution Chamber  
  81  7:01  Evolution Chamber  
  80  7:15  Drone  
  80  7:16  Overlord x2, Drone  
  80  7:17  Swarm Host x3  
  94  7:27  Zerg Ground Armor Level 1  
  94  7:30  Zerg Melee Weapons Level 1  
  94  7:33  Zergling x20  
  104  7:52  Burrow  
  104  7:54  Swarm Host  
  104  7:55  Overlord  
  101  8:34  Zergling x18  
  110  8:45  Mutalisk  
  110  8:46  Mutalisk  
  110  8:47  Mutalisk  
  116  8:54  Overlord  
  116  8:59  Hatchery  
  109  9:20  Zergling x20  
  109  9:21  Zergling x4  
  109  9:23  Corruptor  
  109  9:24  Corruptor x2  
  112  9:28  Corruptor x2  
  100  9:53  Zergling x12  
  100  9:55  Zergling x2  
  102  10:03  Corruptor x2  
  101  10:11  Corruptor x3  
  104  10:21  Corruptor  
  103  10:27  Hatchery  
  88  10:45  Hatchery  
Show
View Real Time Build Order
Export as new Build Order

MDCCLXXVI Terran 

Build Orders:  

Get SALT Encoding   

  12  0:04  SCV  
  13  0:16  SCV  
  13  0:21  Supply Depot  
  14  0:29  SCV  
  15  0:43  SCV  
  16  0:59  Barracks, SCV  
  17  1:14  Command Center  
  17  1:18  SCV  
  18  1:26  Supply Depot  
  18  1:30  SCV  
  19  1:36  Refinery  
  19  1:42  SCV  
  20  1:48  Refinery  
  20  1:50  Marine  
  22  1:54  SCV  
  22  2:06  SCV  
  23  2:23  SCV  
  25  2:32  Bunker  
  25  2:34  Supply Depot  
  24  2:43  Factory  
  24  2:47  Factory  
  24  2:51  SCV x2  
  26  2:52  Marine  
  27  3:05  SCV x2  
  29  3:13  Marine  
  29  3:17  SCV  
  31  3:20  Orbital Command  
  31  3:28  Factory Tech Lab  
  31  3:30  Factory Tech Lab  
  31  3:32  SCV  
  32  3:44  SCV  
  32  3:48  SCV  
  34  3:51  Siege Tank x2  
  40  3:57  Orbital Command  
  40  4:00  SCV  
  41  4:03  Refinery  
  41  4:07  Refinery  
  41  4:12  SCV  
  42  4:19  Marine  
  43  4:24  SCV  
  43  4:28  Siege Tank x2  
  50  4:34  Engineering Bay, SCV  
  50  4:36  SCV  
  52  4:46  SCV  
  52  4:48  SCV  
  54  5:04  Supply Depot  
  54  5:06  Supply Depot  
  54  5:07  Missile Turret  
  54  5:10  Missile Turret  
  54  5:16  Hi-Sec Auto Tracking  
  54  5:17  Missile Turret  
  54  5:20  Missile Turret  
  54  5:26  SCV x2  
  56  5:38  SCV  
  56  5:39  Starport  
  56  5:40  Starport  
  57  5:43  SCV  
  58  5:50  SCV  
  58  5:53  Supply Depot  
  58  5:55  Supply Depot  
  58  5:56  SCV  
  60  6:02  SCV  
  60  6:03  Supply Depot  
  61  6:08  SCV  
  62  6:14  SCV  
  63  6:20  SCV  
  64  6:26  Missile Turret x2  
  64  6:27  Missile Turret  
  64  6:29  Starport Tech Lab x2  
  64  6:30  SCV  
  64  6:32  SCV  
  66  6:36  Armory  
  66  6:38  Fusion Core  
  66  6:43  Armory  
  66  6:46  SCV x2  
  68  6:49  Missile Turret  
  68  6:50  Missile Turret  
  68  6:51  Missile Turret  
  68  6:53  Missile Turret  
  68  6:54  Missile Turret  
  68  6:55  Missile Turret  
  68  6:58  SCV x2  
  70  7:23  Starport  
  70  7:27  Weapon Refit  
  70  7:28  Terran Ship Weapons Level 1  
  70  7:31  Battlecruiser  
  70  7:33  Battlecruiser  
  82  7:40  Supply Depot  
  82  7:42  Supply Depot  
  82  8:01  Starport Tech Lab  
  82  8:06  Terran Vehicle And Ship Armor Level 1  
  70  8:35  Battlecruiser  
  76  8:44  Battlecruiser x2  
  85  9:35  Siege Tank x2  
  89  9:40  Supply Depot  
  47  10:07  Siege Tank x2  
Show
View Real Time Build Order
Export as new Build Order

Empathy Terran 

Build Orders: Mech 

Get SALT Encoding   

  12  0:02  SCV  
  14  0:14  SCV  
  14  0:20  Supply Depot  
  14  0:26  SCV  
  15  0:41  SCV  
  16  0:43  Barracks  
  16  0:54  SCV  
  17  1:06  SCV  
  18  1:13  Barracks  
  18  1:18  SCV  
  19  1:22  Refinery  
  19  1:30  SCV  
  19  1:31  Supply Depot  
  20  1:42  SCV  
  20  1:44  Refinery  
  21  1:51  Marine  
  22  2:03  Orbital Command  
  22  2:12  Barracks Reactor  
  22  2:18  Barracks Tech Lab  
  22  2:43  Factory  
  22  2:46  Marine  
  23  3:04  Marine  
  23  3:05  SCV  
  25  3:14  Marine x2  
  27  3:21  Marine  
  28  3:30  Factory Tech Lab  
  28  3:32  Marine x2  
  30  3:38  Factory  
  30  3:39  Marine  
  31  3:44  Factory  
  31  3:45  Supply Depot  
  31  3:48  Engineering Bay  
  31  4:06  Marine x3, Siege Tank  
  37  4:11  Supply Depot  
  37  4:16  Missile Turret  
  37  4:21  Factory Tech Lab  
  37  4:24  Marine  
  38  4:38  Missile Turret  
  38  4:49  Command Center  
  38  5:11  Factory Tech Lab  
  38  5:16  Armory  
  38  5:19  Missile Turret  
  38  5:42  Missile Turret  
  38  6:03  Thor  
  44  6:06  Thor  
  50  6:13  SCV  
  51  6:20  SCV  
  51  6:25  SCV  
  54  6:32  SCV  
  54  6:38  Thor  
  60  6:45  Missile Turret  
  60  6:48  Missile Turret  
  60  6:50  Orbital Command  
  60  6:53  Missile Turret  
  60  6:56  Missile Turret  
  60  7:11  Marine x2  
  62  7:22  Missile Turret  
  62  7:36  Supply Depot  
  62  7:43  Missile Turret  
  62  7:58  Marine x2, SCV x2  
  66  8:09  Thor  
  66  8:10  SCV  
  41  8:30  Marine x2  
  41  8:31  Marine  
  18  8:48  Marine  
  16  9:06  Marine  
  1  9:25  SCV  
  2  9:37  SCV  
  2  9:47  Refinery  
  2  9:49  SCV  
  3  10:03  Factory Tech Lab  
  1  10:25  Orbital Command  
Tags
 
Add a new tag
Caveats
  • Supply blocks, unpowered buildings, or Contaminate may cause inaccurate times.
  • Supply counts are checked every 10 seconds.